 Dungeon Crawl Stone Soup version 0.31-a0-1300-gb6740aa4e6 (webtiles) character file.

Game seed: 9626288187852306271

1033 gohu the Cleaver (level 8, -6/71 HPs)
             Began as a Hill Orc Fighter on Dec 18, 2023.
             Was a Priest of Okawaru.
             Mangled by Menkaure (15 damage)
             ... on level 4 of the Dungeon.
             The game lasted 00:09:03 (4059 turns).

gohu the Cleaver (Hill Orc Fighter)                 Turns: 4059, Time: 00:09:04

Health: -6/71      AC: 11    Str: 21      XL:     8   Next: 24%
Magic:  6/8        EV:  9    Int:  8      God:    Okawaru [***...]
Gold:   111        SH:  7    Dex:  8 (10) Spells: 7/7 levels left

rFire   . . .        a - +0 war axe
rCold   . . .        j - +2 buckler
rNeg    . . .        m - +0 chain mail
rPois   .            (no helmet)
rElec   .            (no cloak)
rCorr   .            (no gloves)
SInv    .            (no boots)
Will    .....        (no amulet) Stlth
                     (no ring)
HPRegen 0.31/turn    (no ring)
MPRegen 0.11/turn

%: no passive effects
@: heroic
A: no striking features
a: Renounce Religion, Heroism


You were on level 4 of the Dungeon.
You worshipped Okawaru.
Okawaru was most pleased with you.
You visited 2 branches of the dungeon, and saw 6 of its levels.

You collected 147 gold pieces.
You spent 36 gold pieces at shops.

Inventory:

Hand Weapons
 a - a +0 war axe (weapon)
 t - a +2 hand axe of flaming
Missiles
 g - 6 boomerangs (quivered)
Armour
 b - a +0 scale mail
 c - a +0 buckler
 j - a +2 buckler (worn)
 m - a +0 chain mail (worn)
Jewellery
 k - a ring of ice
 C - an amulet of guardian spirit
Wands
 v - a wand of charming (6)
Scrolls
 e - a scroll of fog {unknown}
 f - a scroll of poison {unknown}
 h - 2 scrolls of enchant weapon {unknown}
 i - 4 scrolls of vulnerability {unknown}
 p - a scroll of blinking {unknown}
 r - 3 scrolls of revelation {unknown}
 w - 2 scrolls of identify {unknown}
 x - a scroll of teleportation {unknown}
 y - a scroll of enchant armour {unknown}
 A - a scroll of immolation {unknown}
 B - 2 scrolls of amnesia {unknown}
Potions
 d - a potion of heal wounds {unknown}
 l - a potion of curing
 n - 2 potions of attraction {unknown}
 o - 3 potions of lignification {unknown}
 q - a potion of brilliance {unknown}
 s - 2 potions of magic {unknown}
 u - 5 potions of degeneration
 z - a potion of resistance {unknown}


   Skills:
 * Level 6.7(11.7) Fighting
 * Level 8.7(13.7) Axes
 + Level 5.4(10.4) Armour
 + Level 4.5(9.5) Shields


You had 7 spell levels left.
You didn't know any spells.
Your spell library was empty.

Dungeon Overview and Level Annotations

Branches:
Dungeon (5/15)             Temple (1/1) D:5

Altars:
Cheibriados
Dithmenos
Elyvilon
Gozag
Hepliaklqana
Kikubaaqudgha
Makhleb
Nemelex Xobeh
Okawaru
Qazlal
Ru
Uskayaw
Vehumet
Wu Jian
Yredelemnul
Zin
The Shining One

Shops:
D:2 (?*(   D:4 :

Annotations:
D:4 Menkaure
Temple 4 transporters


Message History

You hit the goblin.
The goblin is moderately wounded.
Menkaure calls on the powers of darkness!
The goblin convulses!
Your body is wracked with pain!
The goblin barely misses you.
You barely miss the goblin.
The goblin is heavily wounded.
The goblin hits you but does no damage.
Menkaure calls on the powers of darkness!
Your body is wracked with pain!
* * * LOW HITPOINT WARNING * * *
You are too injured to fight recklessly!
You are too injured to fight recklessly!
You are too injured to fight recklessly!
You are too injured to fight recklessly!
You are too injured to fight recklessly!
You gain the combat prowess of a mighty hero.
You block the goblin's attack.
You slash the goblin!
You kill the goblin!
Okawaru accepts your kill. You block Menkaure's attack.
You see here a +0 dagger.
You hit Menkaure but do no damage. You hit Menkaure but do no damage.
Menkaure gestures at you while chanting.
Pain shoots through your body!
* * * LOW HITPOINT WARNING * * *
You feel better.
Menkaure mumbles some strange words.
Menkaure seems to speed up.
You hit Menkaure.
Menkaure is moderately damaged.
Menkaure calls on the powers of darkness!
Your body is wracked with pain!
* * * LOW HITPOINT WARNING * * *
You slash Menkaure!
Menkaure is heavily damaged.
Menkaure hits you!
You die...

##.##.# ##.##.#
#.....# ## ..###.#
.# ### ##...## .
..# ##.∩.###### #.
#.# ##...#....#
#.##.# ..###.....#
#..M.#
###.......##.###@.#
#.......##......#
#.....).######.##
#.......######.#
#........)...#.#
######..####.#.#
#..####.#.# ####
#..#......#
...#####..#.##.###
######


You could see Menkaure (fast).

Vanquished Creatures
  Pikel (D:4)
  2 ogres (D:5)
  A centaur (D:5)
  A lemure (D:4)
  3 orc priests
  A jelly (D:4)
  Ijyb (D:3)
  Jessica (D:2)
  2 adders
  2 ufetubi (D:5)
  A dart slug (D:1)
  10 orcs
  3 endoplasms
  A giant cockroach (D:1)
  10 goblins
  5 hobgoblins
  6 jackals
  2 quokkas (D:3)
  6 ball pythons
  6 bats
  8 frilled lizards
  5 rats
78 creatures vanquished.

Notes
Turn   | Place    | Note
-------+----------+-------------------------------------------
     0 | D:1      | gohu the Hill Orc Fighter began the quest for the Orb.
     0 | D:1      | Reached XP level 1. HP: 19/19 MP: 1/1
   123 | D:1      | Reached skill level 3 in Axes
   123 | D:1      | Reached XP level 2. HP: 10/27 MP: 2/2
   406 | D:1      | Reached XP level 3. HP: 33/33 MP: 3/3
   640 | D:2      | Noticed Jessica
   667 | D:2      | Killed Jessica
   668 | D:2      | Reached skill level 4 in Axes
   806 | D:1      | Reached XP level 4. HP: 41/41 MP: 4/4
   833 | D:2      | Found Jezocuh's Antique Weapon Shop.
   946 | D:2      | Found Gaudikhlu's Magic Scroll Boutique.
   971 | D:2      | Found Naeg's Antique Weapon Boutique.
   998 | D:3      | Noticed Ijyb
  1012 | D:3      | Killed Ijyb
  1263 | D:2      | Found Tihicsek's Assorted Antiques.
  1272 | D:2      | Bought a golden potion for 18 gold pieces
  1272 | D:2      | Bought an inky potion for 18 gold pieces
  1871 | D:3      | Reached skill level 5 in Axes
  1871 | D:3      | Reached XP level 5. HP: 26/47 MP: 5/5
  2355 | D:4      | Reached skill level 5 in Fighting
  2376 | D:5      | Entered Level 5 of the Dungeon
  2421 | D:4      | Noticed Pikel
  2500 | D:4      | Noticed a lemure
  2509 | D:4      | Killed a lemure
  2633 | D:5      | Found a staircase to the Ecumenical Temple.
  2638 | Temple   | Found a transporter.
  2638 | Temple   | Found a transporter.
  2638 | Temple   | Found a transporter.
  2638 | Temple   | Found a transporter.
  2638 | Temple   | Entered the Ecumenical Temple
  2656 | Temple   | Became a worshipper of Warmaster Okawaru
  2689 | D:5      | Noticed an ogre
  2694 | D:5      | Killed an ogre
  2695 | D:5      | Reached skill level 6 in Axes
  2695 | D:5      | Reached XP level 6. HP: 35/56 MP: 6/6
  2797 | D:5      | HP: 2/56 [centaur (3)]
  3092 | D:4      | Killed Pikel
  3092 | D:4      | Reached * piety under Okawaru
  3092 | D:4      | Reached ** piety under Okawaru
  3092 | D:4      | Reached *** piety under Okawaru
  3093 | D:4      | Reached skill level 8 in Axes
  3093 | D:4      | Reached skill level 5 in Armour
  3093 | D:4      | Reached XP level 7. HP: 4/64 MP: 7/7
  3093 | D:4      | Reached XP level 8. HP: 5/71 MP: 8/8
  3541 | D:4      | Found Wolic's Book Shoppe.
  3590 | D:4      | You fall into a shaft and drop 1 floor!
  4045 | D:4      | Noticed Menkaure
  4059 | D:4      | Mangled by Menkaure

Illustrated notes

Levels and vault maps discovered:
D:1:      dpeg_arrival_rooms_b, layout_basic
D:2:      layout_rooms, serial_shops, shop, shop, nicolae_lakefront_shop, shop,
          minmay_surrounded, uniq_jessica
D:3:      layout_loops_ring, uniq_ijyb
D:4:      layout_loops_cross, serial_shops, nicolae_book_shop_shelving,
          serial_aquarium, aquarium_bridge_straight [aquarium_subvault_bridge,
          aquarium_subvault_wall, aquarium_subvault_bridge,
          aquarium_subvault_window], aquarium_bridge_square
          [aquarium_subvault_bridge, aquarium_subvault_bridge,
          aquarium_subvault_window, aquarium_subvault_wall],
          aquarium_window_corridor_2, aquarium_window_1, aquarium_view_2a,
          aquarium_view_2d, uniq_menkaure, uniq_pikel
D:5:      layout_loops_ring, minmay_temple_entry_glassed_door
Temple:   hellmonk_temple_divided_pantheon

Skill      XL: |  1  2  3  4  5  6 |
---------------+-------------------+-----
Axes           | 3 4 5 6 8 |  8.7
Fighting       | 4 5 6 |  6.7
Armour         | 4 5 |  5.4
Shields        | 4 |  4.5

Action                     |  1- 3 |  4- 6 |  7- 9 || total
---------------------------+-------+-------+-------++-------
  Melee: War axe           |    86 |   126 |    66 ||   278
  Throw: Boomerang         |     3 |       |       ||     3
 Invoke: Heroism           |       |       |     1 ||     1
    Use: Potion            |       |     5 |     1 ||     6
 Armour: Scale mail        |    75 |       |       ||    75
         Chain mail        |     4 |   129 |    50 ||   183
  Dodge: Dodged            |    41 |    46 |    30 ||   117
  Block: Buckler           |    34 |    53 |    32 ||   119

Table legend: (Time is in decaauts)
 A = Elapsed time spent in this place.
 B = Non-inter-level travel time spent in this place.
 C = Inter-level travel time spent in this place.
 D = Time resting spent in this place.
 E = Time spent auto-exploring this place.
 F = Levels seen in this place.
 G = Mean time per level.
                   A        B        C        D        E       F      G
               +--------+--------+--------+--------+--------+-----+--------+
         Total |   4143 |   3930 |    213 |    389 |   2652 |   6 |  690.5 |
       Dungeon |   4106 |   3911 |    195 |    389 |   2652 |   5 |  821.2 |
        Temple |     36 |     18 |     18 |      0 |      0 |   1 |   36.0 |
               +--------+--------+--------+--------+--------+-----+--------+

Top non-repeatable levels by time:
     D:3: 904 daAuts
     D:5: 896 daAuts
     D:4: 822 daAuts
     D:1: 803 daAuts
     D:2: 679 daAuts
  Temple: 36 daAuts
